3AA
SPRINGFIELD SHOOTERS @ BELVEDERE PARK RAWHIDES
09/24/2027
 
TOP OF THE 1ST
Springfield Shooters batting - Pitching for Belvedere Park Rawhides : LHP Antenor Elizalde
Pitching: LHP Antenor Elizalde
Batting: SHB Benedict Patel 0-0: Ball
1-0: Bunt for hit - play at first, batter OUT! 5-3
Batting: RHB Esteban Alvarado 0-0: SINGLE (Line Drive, 4D)
Batting: RHB Gabrio Campoverde 0-0: Ball
1-0: SINGLE (Line Drive, 7LS)
Esteban Alvarado to second
Batting: RHB Johnny Bryant 0-0: Called Strike
0-1: Ball
1-1: Ball
2-1: Ball
3-1: Foul Ball, location: 2F
3-2: Grounds into double play, 6-4-3 (Groundball, 6)
Top of the 1st over - 0 run(s), 2 hit(s), 0 error(s), 1 left on base; Springfield 0 - Belvedere Park 0
BOTTOM OF THE 1ST
Belvedere Park Rawhides batting - Pitching for Springfield Shooters : LHP Song-saeng Kim
Pitching: LHP Song-saeng Kim
Batting: RHB Marshall Lamar 0-0: Called Strike
0-1: Foul Ball, location: 2F
0-2: Ball
1-2: Foul Ball, location: 2F
1-2: Ball
2-2: Reached on error, E4 (Groundball, 4)
Batting: RHB José Pérez 0-0: Foul Ball, location: 2F
0-1: Ball
1-1: Called Strike
1-2: Ball
2-2: Strikes out swinging
Batting: SHB Adrián Zamudio 0-0: Ball
1-0: Swinging Strike
1-1: Called Strike
1-2: Foul Ball, location: 2F
1-2: Strikes out looking
Batting: SHB Eduardo Pampin 0-0: Ball
1-0: Foul Ball, location: 2F
1-1: Ball
2-1: Ball
3-1: Foul Ball, location: 2F
3-2: Fly out, F8 (Flyball, 8RD)
Bottom of the 1st over - 0 run(s), 0 hit(s), 1 error(s), 1 left on base; Springfield 0 - Belvedere Park 0
TOP OF THE 2ND
Springfield Shooters batting - Pitching for Belvedere Park Rawhides : LHP Antenor Elizalde
Batting: RHB Carlos Cardona 0-0: Called Strike
0-1: Foul Ball, location: 2F
0-2: Ball
1-2: SINGLE (Line Drive, 8LS)
Batting: LHB Daniel Faraday 0-0: Foul Ball, location: 2F
0-1: Ball
1-1: Ball
2-1: Foul Ball, location: 2F
2-2: Foul Ball, location: 2F
2-2: Fly out, F8 (Line Drive, 8LM)
Batting: LHB Guillermo Castro 0-0: Reached on error, E3 (Groundball, 3)
Carlos Cardona to second
Batting: RHB Francisco Gonzáles 0-0: Called Strike
0-1: Called Strike
0-2: Ball
1-2: Ball
2-2: Ball
3-2: Base on Balls
Carlos Cardona to third
Guillermo Castro to second
Batting: RHB Sergio Delgado 0-0: Called Strike
0-1: SINGLE (Line Drive, 8RS)
Carlos Cardona scores
Guillermo Castro to third
Francisco Gonzáles to second
Batting: SHB Benedict Patel 0-0: Ball
1-0: Ball
2-0: Ball
3-0: Base on Balls
Guillermo Castro scores
Francisco Gonzáles to third
Sergio Delgado to second
Batting: RHB Esteban Alvarado 0-0: Ball
1-0: Ball
2-0: Fly out, F9 (Flyball, 9)
Runner from 3rd tags up, SCORES, no throw
Batting: RHB Gabrio Campoverde 0-0: SINGLE (Line Drive, 89S)
Sergio Delgado to third
Benedict Patel to second
Batting: RHB Johnny Bryant 0-0: Swinging Strike
0-1: Foul Ball, location: 2F
0-2: Ball
1-2: Strikes out looking
Top of the 2nd over - 3 run(s), 3 hit(s), 1 error(s), 3 left on base; Springfield 3 - Belvedere Park 0
BOTTOM OF THE 2ND
Belvedere Park Rawhides batting - Pitching for Springfield Shooters : LHP Song-saeng Kim
Batting: RHB Ramón Cabral 0-0: Ball
1-0: Fly out, F9 (Flyball, 9LM)
Batting: LHB Luis Moreno 0-0: Ball
1-0: Called Strike
1-1: Foul Ball, location: 2F
1-2: Ball
2-2: DOUBLE (Flyball, 89D)
Batting: RHB Holden Markoff 0-0: Called Strike
0-1: Swinging Strike
0-2: Strikes out swinging
Batting: RHB Armando Carmona 0-0: Ball
1-0: Called Strike
1-1: Called Strike
1-2: Ball
2-2: Ball
3-2: TRIPLE (Flyball, 89D)
Luis Moreno scores
Batting: LHB Dan O'Day 0-0: SINGLE (Line Drive, 4MD)
Armando Carmona scores
Batting: RHB Marshall Lamar 0-0: Foul Ball, location: 2F
0-1: Ball
1-1: Ball
2-1: Called Strike
2-2: SINGLE (Line Drive, 4MD)
Dan O'Day to second
Batting: RHB José Pérez 0-0: Ball
1-0: Foul Ball, location: 2F
1-1: Ball
2-1: Ground out 6-3 (Groundball, 6D)
Bottom of the 2nd over - 2 run(s), 4 hit(s), 0 error(s), 2 left on base; Springfield 3 - Belvedere Park 2
TOP OF THE 3RD
Springfield Shooters batting - Pitching for Belvedere Park Rawhides : LHP Antenor Elizalde
Batting: RHB Carlos Cardona 0-0: Called Strike
0-1: Foul Ball, location: 2F
0-2: DOUBLE (Line Drive, 9)
Batting: LHB Daniel Faraday 0-0: Foul Ball, location: 2F
0-1: Ball
1-1: Ball
2-1: Ball
3-1: Foul Ball, location: 2F
3-2: SINGLE (Line Drive, 34D)
Carlos Cardona to third
Batting: LHB Guillermo Castro 0-0: Foul Ball, location: 2F
0-1: SINGLE (Line Drive, 4D)
Carlos Cardona scores
Daniel Faraday to second
Runner from 2nd tries for 3rd, SAFE, no throw
Batting: RHB Francisco Gonzáles 0-0: Called Strike
0-1: Ball
1-1: Ball
2-1: Foul Ball, location: 2F
2-2: Fly out, F9 (Flyball, 89S)
Batting: RHB Sergio Delgado 0-0: Called Strike
0-1: Ball
1-1: Swinging Strike
1-2: Ball
2-2: Strikes out swinging
Batting: SHB Benedict Patel 0-0: Ball
1-0: SINGLE (Line Drive, 6MD)
Daniel Faraday scores
Guillermo Castro to second
Batting: RHB Esteban Alvarado 0-0: Ground out 5-3 (Groundball, 56S)
Top of the 3rd over - 2 run(s), 4 hit(s), 0 error(s), 2 left on base; Springfield 5 - Belvedere Park 2
BOTTOM OF THE 3RD
Belvedere Park Rawhides batting - Pitching for Springfield Shooters : LHP Song-saeng Kim
Batting: SHB Adrián Zamudio 0-0: Foul Ball, location: 2F
0-1: Ball
1-1: SINGLE (Groundball, 6D)
Batting: SHB Eduardo Pampin 0-0: Swinging Strike
0-1: Ball
1-1: Called Strike
1-2: Ball
2-2: Foul Ball, location: 2F
2-2: Foul Ball, location: 2F
2-2: Foul Ball, location: 2F
2-2: Fly out, F9 (Flyball, 9LS)
Batting: RHB Ramón Cabral 0-0: Swinging Strike
0-1: Foul Ball, location: 2F
0-2: Strikes out swinging
Batting: LHB Luis Moreno 0-0: Ball
1-0: Fly out, F9 (Line Drive, 89D)
Bottom of the 3rd over - 0 run(s), 1 hit(s), 0 error(s), 1 left on base; Springfield 5 - Belvedere Park 2
TOP OF THE 4TH
Springfield Shooters batting - Pitching for Belvedere Park Rawhides : LHP Antenor Elizalde
Batting: RHB Gabrio Campoverde 0-0: Swinging Strike
0-1: Fly out, F9 (Flyball, 9D)
Batting: RHB Johnny Bryant 0-0: Called Strike
0-1: Fly out, F7 (Flyball, 7S)
Batting: RHB Carlos Cardona 0-0: Called Strike
0-1: Ball
1-1: Ball
2-1: Swinging Strike
2-2: Ball
3-2: Strikes out swinging
Top of the 4th over - 0 run(s), 0 hit(s), 0 error(s), 0 left on base; Springfield 5 - Belvedere Park 2
BOTTOM OF THE 4TH
Belvedere Park Rawhides batting - Pitching for Springfield Shooters : LHP Song-saeng Kim
Batting: RHB Holden Markoff 0-0: SINGLE (Flyball, 7S)
Batting: RHB Armando Carmona 0-0: Ball
1-0: Ball
2-0: Ball
3-0: Base on Balls
Holden Markoff to second
Batting: LHB Dan O'Day 0-0: Ball
1-0: Fly out, F7 (Flyball, 78M)
Batting: RHB Marshall Lamar 0-0: Ball
1-0: Called Strike
1-1: Ball
2-1: Foul Ball, location: 2F
2-2: Strikes out looking
Batting: RHB José Pérez 0-0: Called Strike
0-1: Ball
1-1: Called Strike
1-2: Ball
2-2: Ball
3-2: Base on Balls
Holden Markoff to third
Armando Carmona to second
Batting: SHB Adrián Zamudio 0-0: Fly out, F9 (Flyball, 89M)
Bottom of the 4th over - 0 run(s), 1 hit(s), 0 error(s), 3 left on base; Springfield 5 - Belvedere Park 2
TOP OF THE 5TH
Springfield Shooters batting - Pitching for Belvedere Park Rawhides : LHP Antenor Elizalde
Batting: LHB Daniel Faraday 0-0: Fly out, F9 (Flyball, 9LSF)
Batting: LHB Guillermo Castro 0-0: Called Strike
0-1: Ground out 4-3 (Groundball, 4MS)
Batting: RHB Francisco Gonzáles 0-0: Swinging Strike
0-1: Ball
1-1: Ball
2-1: Ball
3-1: Swinging Strike
3-2: Foul Ball, location: 2F
3-2: Foul Ball, location: 2F
3-2: Strikes out swinging
Top of the 5th over - 0 run(s), 0 hit(s), 0 error(s), 0 left on base; Springfield 5 - Belvedere Park 2
BOTTOM OF THE 5TH
Belvedere Park Rawhides batting - Pitching for Springfield Shooters : LHP Song-saeng Kim
Batting: SHB Eduardo Pampin 0-0: Ball
1-0: Fly out, F9 (Line Drive, 9)
Batting: RHB Ramón Cabral 0-0: SINGLE (Line Drive, 8LS)
Batting: LHB Luis Moreno 0-0: Ball
1-0: Ball
2-0: Fly out, F9 (Line Drive, 9S)
Batting: RHB Holden Markoff 0-0: Called Strike
0-1: Called Strike
0-2: Foul Ball, location: 2F
0-2: Strikes out swinging
Bottom of the 5th over - 0 run(s), 1 hit(s), 0 error(s), 1 left on base; Springfield 5 - Belvedere Park 2
TOP OF THE 6TH
Springfield Shooters batting - Pitching for Belvedere Park Rawhides : LHP Antenor Elizalde
Batting: RHB Sergio Delgado 0-0: Called Strike
0-1: Called Strike
0-2: Foul Ball, location: 2F
0-2: Foul Ball, location: 2F
0-2: Ball
1-2: Strikes out looking
Batting: SHB Benedict Patel 0-0: Called Strike
0-1: Swinging Strike
0-2: Ball
1-2: Foul Ball, location: 2F
1-2: Ball
2-2: Strikes out looking
Batting: RHB Esteban Alvarado 0-0: Ball
1-0: Called Strike
1-1: SINGLE (Groundball, 56D)
Pitching: RHP Aaron Chapman
Batting: RHB Gabrio Campoverde 0-0: Ball
1-0: 2-RUN HOME RUN (Flyball, 8LXD), Distance : 435 ft
Batting: RHB Johnny Bryant 0-0: Foul Ball, location: 2F
0-1: Foul Ball, location: 2F
0-2: Hit by Pitch
Batting: RHB Carlos Cardona 0-0: Swinging Strike
0-1: Foul Ball, location: 2F
0-2: Strikes out looking
Top of the 6th over - 2 run(s), 2 hit(s), 0 error(s), 1 left on base; Springfield 7 - Belvedere Park 2
BOTTOM OF THE 6TH
Belvedere Park Rawhides batting - Pitching for Springfield Shooters : LHP Song-saeng Kim
Batting: RHB Armando Carmona 0-0: Foul Ball, location: 2F
0-1: Ball
1-1: Foul Ball, location: 2F
1-2: Ball
2-2: Ball
3-2: Foul Ball, location: 2F
3-2: SINGLE (Groundball, 6MD)
Batting: LHB Dan O'Day 0-0: Ball
Armando Carmona steals 2nd base
1-0: Called Strike
1-1: Fly out, F9 (Flyball, 9LM)
Batting: RHB Marshall Lamar 0-0: Swinging Strike
0-1: Ball
1-1: Called Strike
Armando Carmona is caught stealing 3rd base
1-2: Foul Ball, location: 2F
1-2: Ball
2-2: Ground out 6-3 (Groundball, 6M)
Bottom of the 6th over - 0 run(s), 1 hit(s), 0 error(s), 0 left on base; Springfield 7 - Belvedere Park 2
TOP OF THE 7TH
Springfield Shooters batting - Pitching for Belvedere Park Rawhides : RHP Aaron Chapman
Batting: LHB Daniel Faraday 0-0: Foul Ball, location: 2F
0-1: Ball
1-1: Foul Ball, location: 2F
1-2: Strikes out swinging
Batting: LHB Guillermo Castro 0-0: Fly out, F7 (Flyball, 78M)
Batting: RHB Francisco Gonzáles 0-0: Swinging Strike
0-1: Ball
1-1: Called Strike
1-2: Strikes out swinging
Top of the 7th over - 0 run(s), 0 hit(s), 0 error(s), 0 left on base; Springfield 7 - Belvedere Park 2
BOTTOM OF THE 7TH
Belvedere Park Rawhides batting - Pitching for Springfield Shooters : LHP Song-saeng Kim
Batting: RHB José Pérez 0-0: Swinging Strike
0-1: Fly out, F5 (Line Drive, 56S)
Batting: SHB Adrián Zamudio 0-0: Ball
1-0: Ball
2-0: Called Strike
2-1: Ball
3-1: Base on Balls
Pitching: RHP Roy Gartner
Batting: SHB Eduardo Pampin 0-0: Called Strike
0-1: Ball
1-1: Foul Ball, location: 2F
1-2: Foul Ball, location: 2F
1-2: Ball
2-2: Foul Ball, location: 2F
2-2: SINGLE (Groundball, 6D)
Adrián Zamudio to second
Batting: RHB Ramón Cabral 0-0: Ball
1-0: Foul Ball, location: 2F
1-1: Ball
2-1: Ball
3-1: Base on Balls
Adrián Zamudio to third
Eduardo Pampin to second
Batting: LHB Luis Moreno 0-0: Called Strike
0-1: Called Strike
0-2: Strikes out looking
Batting: RHB Holden Markoff 0-0: Ball
1-0: Ball
2-0: Ball
3-0: Called Strike
3-1: Fly out, F8 (Line Drive, 8RD)
Bottom of the 7th over - 0 run(s), 1 hit(s), 0 error(s), 3 left on base; Springfield 7 - Belvedere Park 2
TOP OF THE 8TH
Springfield Shooters batting - Pitching for Belvedere Park Rawhides : RHP Aaron Chapman
Batting: RHB Sergio Delgado 0-0: Called Strike
0-1: Ball
1-1: Foul Ball, location: 2F
1-2: Strikes out swinging, 2-3 out at first.
Batting: SHB Benedict Patel 0-0: Called Strike
0-1: Ball
1-1: Called Strike
1-2: Strikes out swinging, 2-3 out at first.
Batting: RHB Esteban Alvarado 0-0: Called Strike
0-1: Ball
1-1: Ball
2-1: Ball
3-1: Called Strike
3-2: Fly out, F9 (Flyball, 9)
Top of the 8th over - 0 run(s), 0 hit(s), 0 error(s), 0 left on base; Springfield 7 - Belvedere Park 2
BOTTOM OF THE 8TH
Belvedere Park Rawhides batting - Pitching for Springfield Shooters : RHP Roy Gartner
Now at 2B: Javier Vásquez
Now in RF: Lee Allen
Batting: RHB Armando Carmona 0-0: Ball
1-0: Ball
2-0: Ball
3-0: Base on Balls
Batting: LHB Dan O'Day 0-0: Ball
1-0: Ball
2-0: Called Strike
2-1: Fielders Choice at 2nd, 4-6 (Groundball, 34)
Batting: RHB Marshall Lamar 0-0: Ball
1-0: Ball
2-0: Called Strike
2-1: Ball
3-1: Ground out 5-3 (Groundball, 56S)
Dan O'Day to second
Batting: RHB José Pérez 0-0: Swinging Strike
0-1: Ball
1-1: Swinging Strike
1-2: Foul Ball, location: 2F
1-2: SINGLE (Line Drive, 89S)
Dan O'Day to third
Runner from 3rd tries for Home, SAFE, no throw
Batting: SHB Adrián Zamudio 0-0: Ball
1-0: Ball
2-0: Ball
3-0: Base on Balls
José Pérez to second
Pitching: RHP Kozue Koga
Batting: SHB Eduardo Pampin 0-0: Called Strike
0-1: Ball
1-1: Swinging Strike
1-2: Strikes out swinging
Bottom of the 8th over - 1 run(s), 1 hit(s), 0 error(s), 2 left on base; Springfield 7 - Belvedere Park 3
TOP OF THE 9TH
Springfield Shooters batting - Pitching for Belvedere Park Rawhides : RHP Aaron Chapman
Batting: RHB Gabrio Campoverde 0-0: Swinging Strike
0-1: Foul Ball, location: 2F
0-2: Strikes out swinging
Batting: RHB Johnny Bryant 0-0: Swinging Strike
0-1: Ball
1-1: Ball
2-1: Called Strike
2-2: Strikes out swinging
Batting: RHB Carlos Cardona 0-0: Called Strike
0-1: SINGLE (Groundball, 56D)
Batting: LHB Daniel Faraday 0-0: Ball
1-0: Called Strike
1-1: Ground out U3 (Groundball, 34)
Top of the 9th over - 0 run(s), 1 hit(s), 0 error(s), 1 left on base; Springfield 7 - Belvedere Park 3
BOTTOM OF THE 9TH
Belvedere Park Rawhides batting - Pitching for Springfield Shooters : RHP Kozue Koga
Batting: RHB Ramón Cabral 0-0: Ball
1-0: Ball
2-0: Swinging Strike
2-1: Foul Ball, location: 2F
2-2: Foul Ball, location: 2F
2-2: Ball
3-2: Strikes out swinging
Batting: LHB Luis Moreno 0-0: SINGLE (Groundball, 4D)
Batting: RHB Holden Markoff 0-0: Swinging Strike
0-1: Foul Ball, location: 2F
0-2: Strikes out looking
Batting: RHB Armando Carmona 0-0: Called Strike
0-1: Ball
1-1: Called Strike
1-2: Ball
2-2: Ball
3-2: Strikes out swinging
Bottom of the 9th over - 0 run(s), 1 hit(s), 0 error(s), 1 left on base; Springfield 7 - Belvedere Park 3
Saturday, May 26th, 2018 - OOTP Baseball 17.12 Build 75